 Dungeon Crawl Stone Soup version 0.30-a0-626-gd6a5dd7a1f (console) character file.

Game seed: 15571000763504850736

0 Ignak the Ogre Mage (level 1, -1/16 HPs)
             Began as an Ogre Hedge Wizard on Jan 11, 2023.
             Slain by a hobgoblin (3 damage)
             ... on level 1 of the Dungeon.
             The game lasted 00:00:37 (95 turns).

Ignak the Ogre Mage (Ogre Hedge Wizard)               Turns: 95, Time: 00:00:37

Health: -1/16      AC:  3    Str: 13    XL:     1   Next: 0%
Magic:  5/5        EV:  9    Int: 15    God:
Gold:   20         SH:  0    Dex:  8    Spells: 6/7 levels left

rFire   . . .      SeeInvis .    f - +2 short sword (elec)
rCold   . . .      Faith    .    (no shield)
rNeg    . . .      Spirit   .    b - +0 robe
rPois   .          Reflect  .    c - +0 hat
rElec   .          Harm     .    (no cloak)
rCorr   .          Rampage  .    (gloves unavailable)
Will    .....                    (boots unavailable)
Stlth   +                        (no amulet)
HPRegen 0.22/turn                (no ring)
MPRegen 0.09/turn                (no ring)

@: no status effects
A: large, unfitting armour, tough skin 1
a: no special abilities


You were on level 1 of the Dungeon.
You visited 1 branch of the dungeon, and saw 1 of its levels.

You collected 20 gold pieces.

Inventory:

Hand Weapons
 f - a +2 short sword of electrocution (weapon)
Armour
 b - a +0 robe (worn)
 c - a +0 hat (worn)
Scrolls
 a - a scroll of immolation {unknown}
 e - a scroll of identify {unknown}
Potions
 d - a potion of magic


   Skills:
 * Level 0.0 Fighting
 + Level 0.0 Armour
 + Level 1.7 Dodging
 + Level 1.4 Stealth
 + Level 0.0 Unarmed Combat
 + Level 3.6 Spellcasting
 + Level 0.8 Conjurations
 - Level 0.8 Summonings
 + Level 0.8 Translocations


You had 6 spell levels left.
You knew the following spells:

 Your Spells              Type           Power      Damage    Failure   Level
a - Magic Dart            Conj           20%        1d4       13%         1

Your spell library contained the following spells:

 Spells                   Type           Power      Damage    Failure   Level
 Slow                     Hex            8%         N/A       19%         1
 Blink                    Tloc           10%        N/A       21%         2
 Call Imp                 Summ           5%         N/A       21%         2
 Cigotuvi's Dreadful Rot  Necr/Pois/Air  4%         N/A       28%         2
 Mephitic Cloud           Conj/Pois/Air  3%         N/A       45%         3


Dungeon Overview and Level Annotations

Branches:
Dungeon (1/15)

Altars:


Innate Abilities, Weirdness & Mutations

You are too large for most types of armour.
You have tough skin. (AC +1)


Message History

e - a scroll labelled SOR REOMOANI You see here 3 stones.
Found 6 stones.
You see here 3 stones.
You see here a +2 short sword of electrocution.
You now have 12 gold pieces.
You see here a +2 short sword of electrocution.
f - a +2 short sword of electrocution You now have 20 gold pieces (gained 8).
You hear the crackle of electricity.
f - a +2 short sword of electrocution (weapon)
You drop a +0 dagger.
a - a scroll labelled YTOFOUF FAYNUG
Found an escape hatch in the floor.
A goblin comes into view. It is wielding a +0 dagger.
A goblin is nearby!
The goblin shouts!
You hear a shout!
A hobgoblin comes into view.
A frilled lizard comes into view.
Found a stone staircase leading down.
Found 8 gold pieces.
You closely miss the goblin. The goblin hits you but does no damage.
You closely miss the hobgoblin. The goblin hits you with a +0 dagger.
The hobgoblin hits you.
You barely miss the hobgoblin. The goblin hits you but does no damage.
The hobgoblin hits you.
You closely miss the frilled lizard.
The hobgoblin hits you but does no damage.
The goblin hits you but does no damage. The frilled lizard misses you.
The goblin hits you with a +0 dagger.
The frilled lizard attacks as you move away!
The frilled lizard bites you. The hobgoblin attacks as you move away!
The hobgoblin hits you. The hobgoblin attacks as you move away!
The hobgoblin hits you.
* * * LOW HITPOINT WARNING * * *
The frilled lizard attacks as you move away!
The frilled lizard bites you but does no damage.
You hit the goblin.
You kill the goblin!
The hobgoblin hits you.
You die...

#.......##..###.<##..#
#......###..###.##..##
##......###...##...(.##
#........##....#######.
#........###....####...
#........# ##..........
##........##
####......#
#....>l....# ########
...#.....)@...##
.$........g........
.##.#.#..##########
#....... .>.......
####..####. #..# .. #..
.. ... ..


You could see a hobgoblin and a frilled lizard.

Vanquished Creatures
  A goblin (D:1)
1 creature vanquished.

Notes
Turn   | Place    | Note
-------+----------+-------------------------------------------
     0 | D:1      | Ignak the Ogre Hedge Wizard began the quest for the Orb.
     0 | D:1      | Reached XP level 1. HP: 16/16 MP: 5/5
    95 | D:1      | Slain by a hobgoblin

Illustrated notes

Levels and vault maps discovered:
D:1:      dpeg_arrival_snail, layout_rooms, serial_shops, nicolae_square_shop,
          minmay_octomino_e4

Action                   || total
-------------------------++-------
Melee: Short sword       ||     5
Armor: Robe              ||     5
Dodge: Dodged            ||     1

Table legend: (Time is in decaauts)
 A = Elapsed time spent in this place.
 B = Non-inter-level travel time spent in this place.
 C = Inter-level travel time spent in this place.
 D = Time resting spent in this place.
 E = Time spent auto-exploring this place.
 F = Levels seen in this place.
 G = Mean time per level.
                   A        B        C        D        E       F      G
               +--------+--------+--------+--------+--------+-----+--------+
         Total |     94 |     94 |      0 |      0 |     51 |   1 |   94.0 |
       Dungeon |     94 |     94 |      0 |      0 |     51 |   1 |   94.0 |
               +--------+--------+--------+--------+--------+-----+--------+

Top non-repeatable levels by time:
     D:1: 94 daAuts
